 Dungeon Crawl Stone Soup version 0.19.0-24-gb05acd6 (webtiles) character file.

9027 Gargo the Thaumaturge (level 11, 0/63 HPs)
             Began as a Gargoyle Earth Elementalist on Nov 21, 2016.
             Was an Elder of Vehumet.
             Slain by a spiny frog (16 damage)
             ... on level 1 of the Lair of Beasts on Nov 22, 2016.
             The game lasted 01:23:47 (12800 turns).

Gargo the Thaumaturge (GrEE)                       Turns: 12800, Time: 01:23:47

Health: 0/63       AC: 19    Str: 12    XL:     11   Next: 40%
Magic:  7/24       EV: 12    Int: 19    God:    Vehumet [****..]
Gold:   886        SH:  0    Dex: 10    Spells: 5 memorised, 16 levels left

rFire  . . .     SeeInvis +     a - +4 flail (protect)
rCold  . . .     Gourm    .     Q - +0 leather armour (curse)
rNeg   + . .     Faith    .     (no shield)
rPois  ∞         Spirit   .     B - +0 helmet
rElec  +         Reflect  .     p - +1 cloak
rCorr  .         Harm     .     T - +0 pair of gloves
MR     .....                    m - +0 pair of boots
Stlth  ++........               (no amulet)
                                o - ring of see invisible
                                d - +3 ring of protection

@: very slightly contaminated, invisible
A: negative energy resistance 1, electricity resistance, unbreathing,
petrification resistance, rot immunity, AC +7
a: Renounce Religion


You were on level 1 of the Lair of Beasts.
You worshipped Vehumet.
Vehumet was greatly pleased with you.
You were very hungry.

You visited 3 branches of the dungeon, and saw 14 of its levels.
You also visited: Bailey.

You collected 886 gold pieces.

Inventory:

Hand Weapons
 a - a +4 flail of protection (weapon)
 c - a +0 blowgun
Missiles
 b - 235 stones (quivered)
 z - 5 poisoned needles
Armour
 j - a +3 leather armour
 m - a +0 pair of boots (worn)
 p - a +1 cloak (worn)
 B - a +0 helmet (worn)
 Q - a cursed +0 leather armour (worn)
 T - a +0 pair of gloves (worn)
Jewellery
 d - a +3 ring of protection (left hand)
 o - a ring of see invisible (right hand)
 u - an uncursed ring of resist corrosion
Wands
 w - a wand of lightning (0/15)
Scrolls
 i - a scroll of identify
 t - a scroll of remove curse
 y - a scroll of teleportation
Potions
 r - 2 potions of flight
 E - a potion of invisibility
 V - a potion of resistance
Comestibles
 P - 9 slices of pizza


   Skills:
 + Level 5.1 Fighting
 + Level 4.1 Maces & Flails
 + Level 5.0 Armour
 + Level 3.5 Dodging
 - Level 2.1 Stealth
 * Level 9.1 Spellcasting
 + Level 7.0 Conjurations
   Level 0.7 Transmutations
 + Level 4.7 Fire Magic
 + Level 8.9 Earth Magic
 + Level 4.0 Evocations


You had 16 spell levels left.
You knew the following spells:

 Your Spells              Type           Power        Failure   Level  Hunger
a - Sandblast             Erth           #####.       1%          1    None
b - Lee's Rapid Deconstr  Erth           #####.....   2%          5    #####..
e - Flame Tongue          Conj/Fire      ####.        1%          1    None
A - Stone Arrow           Conj/Erth      #####.       1%          3    None
E - Throw Flame           Conj/Fire      ####..       1%          2    None


Dungeon Overview and Level Annotations

Branches:
Dungeon (11/15)            Temple (1/1) D:5            Lair (2/6) D:10
  Swamp: Lair:2-4    Shoals: Lair:2-4     Snake: Lair:2-4    Spider: Lair:2-4
    Orc: D:9-12

Altars:
Ashenzari
Cheibriados
Dithmenos
Elyvilon
Fedhas
Gozag
Kikubaaqudgha
Nemelex Xobeh
Okawaru
Qazlal
Sif Muna
Trog
Uskayaw
Vehumet
Xom
Yredelemnul
Zin
The Shining One


Innate Abilities, Weirdness & Mutations

You are resistant to torment.
Your stone body is resilient. (AC +7)
You are immune to poison.
You resist negative energy. (rN+)
You are resistant to electric shocks. (rElec)
You can survive without breathing.
You are immune to petrification.
You are immune to rotting.


Message History

Press: ? - help, Shift-Dir - straight line, f - yak, p - spiny frog
Aim: a yak Nothing appears to happen.
The spiny frog closely misses you. The spiny frog barely misses you.
The spiny frog stings you but does no damage.
You fade into invisibility!
The yak closely misses you. The spiny frog completely misses you.
Number of times to repeat, then command key: You must enter the number of times for the command to repeat.
The yak gores you!
* * * LOW HITPOINT WARNING * * *
The spiny frog stings you but does no damage.
The spiny frog closely misses you.
Casting: Flame Tongue
Confirm with . or Enter, or press ? or * to list all spells.
Aiming: Lee's Rapid Deconstruction
Press: ? - help, Dir - move target cursor, p - yak
Okay, then.
The spiny frog stings you!
You die...

..# ###### ##...........
#.#####.##P#######......(....
#...................(.......
#........................?.
#.###.#######.#P##P###....#
#.##### ########### #..§# #
#..#######P#######.####...####.##
#...........................>....
#.............YF@................
#.######..##########.............
#.# #### ##.#######..#. ... #.#
### ..# ### ####.#
#.###########.####.##.#
#......(%!!...........######
#......)<[...................
########.#P##.#####.########.


You could see a yak and a spiny frog.

Vanquished Creatures
  A hydra (Lair:2)
  A hill giant (D:10)
  An orc knight (Bailey)
  The ghost of asdu the Firebug, a novice DEFE of Vehumet (Bailey)
  A two-headed ogre (D:10)
  A hornet (D:11)
  2 hippogriffs
  2 wyverns
  A yak (Lair:1)
  3 hungry ghosts
  A soldier ant (D:10)
  A gnoll sergeant (D:8)
  3 sky beasts
  9 orc warriors
  A phantom (D:4)
  8 ogres
  2 centaurs
  3 big kobolds
  10 bullfrogs
  3 scorpions
  3 killer bees (D:8)
  4 wights (D:7)
  4 howler monkeys
  3 crimson imps
  2 centaur zombies
  2 quasits
  2 bullfrog skeletons
  7 hounds
  A centaur skeleton (D:8)
  7 orc priests
  4 gnoll shamans (D:8)
  A jelly (D:8)
  7 orc wizards
  An iguana (D:6)
  11 worker ants
  A hound zombie (D:5)
  A worker ant zombie (D:11)
  A howler monkey zombie (D:7)
  18 gnolls
  A howler monkey skeleton (D:8)
  13 adders
  2 shadow imps
  3 oozes
  2 adder zombies
  2 adder skeletons
  3 worms
  A dart slug (D:3)
  9 leopard geckos
  37 orcs
  8 giant cockroaches
  14 hobgoblins
  19 jackals
  4 quokkas
  A ball python (D:2)
  4 bats
  11 frilled lizards
  17 goblins
  41 kobolds
  A leopard gecko skeleton (D:5)
  A leopard gecko zombie (D:8)
  7 rats
  7 plants
343 creatures vanquished.

Vanquished Creatures (collateral kills)
  A big kobold (D:8)
  A kobold (D:8)
2 creatures vanquished.

Vanquished Creatures (others)
  A plant (D:8)
1 creature vanquished.

Grand Total: 346 creatures vanquished

Notes
Turn   | Place    | Note
-------+----------+-------------------------------------------
     0 | D:1      | Gargo the Gargoyle Earth Elementalist began the quest for the Orb.
     0 | D:1      | Reached XP level 1. HP: 10/10 MP: 3/3
   305 | D:2      | Reached XP level 2. HP: 15/15 MP: 0/5
   809 | D:1      | Reached XP level 3. HP: 16/19 MP: 2/7
   814 | D:1      | Learned a level 3 spell: Stone Arrow
   935 | D:1      | Reached skill level 3 in Spellcasting
  1570 | D:3      | Reached XP level 4. HP: 20/24 MP: 6/9
  1672 | D:2      | Reached skill level 1 in Conjurations
  2006 | D:2      | You fall through a shaft!
  2031 | D:3      | Found a snail-covered altar of Cheibriados.
  2538 | D:3      | Reached XP level 5. HP: 28/28 MP: 7/10
  2570 | D:3      | Reached skill level 4 in Spellcasting
  2821 | D:3      | Found a deep blue altar of Sif Muna.
  2821 | D:3      | Found a shattered altar of Ashenzari.
  3315 | D:4      | Noticed an ogre
  3323 | D:4      | Killed an ogre
  3323 | D:4      | Reached skill level 5 in Earth Magic
  3323 | D:4      | Reached XP level 6. HP: 32/32 MP: 5/12
  3330 | D:4      | Learned a level 5 spell: Lee's Rapid Deconstruction
  3568 | D:4      | Reached skill level 5 in Spellcasting
  3737 | D:4      | Noticed a phantom
  3748 | D:4      | Killed a phantom
  3748 | D:4      | Reached XP level 7. HP: 36/36 MP: 4/14
  4098 | D:5      | Entered Level 5 of the Dungeon
  4392 | D:5      | Found a staircase to the Ecumenical Temple.
  4449 | D:4      | Reached skill level 6 in Spellcasting
  4596 | Temple   | Entered the Ecumenical Temple
  4737 | Temple   | Became a worshipper of Vehumet
  4814 | D:4      | Reached XP level 8. HP: 40/41 MP: 8/17
  5656 | D:5      | Found a glowing golden altar of the Shining One.
  5775 | D:5      | Found an iron altar of Okawaru.
  6011 | D:7      | Reached * piety under Vehumet
  6011 | D:7      | Offered knowledge of Flame Tongue by Vehumet.
  6013 | D:7      | Reached skill level 7 in Spellcasting
  6017 | D:7      | Learned a level 1 spell: Flame Tongue
  6059 | D:9      | Reached skill level 1 in Fighting
  6225 | D:8      | Reached skill level 1 in Maces & Flails
  6231 | D:8      | Reached skill level 1 in Fire Magic
  6231 | D:8      | Reached skill level 1 in Evocations
  6265 | D:8      | Reached skill level 5 in Conjurations
  6359 | D:8      | Reached XP level 9. HP: 42/47 MP: 6/19
  6442 | D:8      | Reached skill level 1 in Armour
  6599 | D:8      | Reached ** piety under Vehumet
  6602 | D:8      | Offered knowledge of Throw Flame by Vehumet.
  6642 | D:8      | Learned a level 2 spell: Throw Flame
  7382 | D:8      | Offered knowledge of Mephitic Cloud by Vehumet.
  7953 | D:7      | Reached XP level 10. HP: 48/56 MP: 12/21
  8073 | D:6      | Reached *** piety under Vehumet
  8154 | D:6      | Reached skill level 8 in Spellcasting
  8855 | D:7      | Offered knowledge of Inner Flame by Vehumet.
  9055 | D:10     | Entered Level 10 of the Dungeon
  9068 | D:10     | Got a heavy robe
  9095 | D:7      | Identified the +5 robe "Tabewoufer" {-Cast rElec MR+ Regen+} (You found it on level 10 of the Dungeon)
  9934 | D:9      | You fall through a shaft for 2 floors!
 10237 | D:11     | Noticed a gargoyle
 10239 | D:11     | Found a flagged portal.
 10253 | Bailey   | Entered a bailey
 10267 | Bailey   | Noticed asdu's ghost (novice DEFE)
 10273 | Bailey   | Killed asdu's ghost
 10438 | Bailey   | Noticed an orc knight
 10447 | Bailey   | Killed an orc knight
 10447 | Bailey   | Reached **** piety under Vehumet
 10482 | Bailey   | Offered knowledge of Airstrike by Vehumet.
 10924 | D:9      | Reached XP level 11. HP: 48/62 MP: 9/23
 11547 | D:10     | Found a staircase to the Lair.
 12000 | D:10     | Noticed a hill giant
 12005 | D:10     | Killed a hill giant
 12005 | D:10     | Reached skill level 9 in Spellcasting
 12318 | Lair:1   | Entered Level 1 of the Lair of Beasts
 12737 | Lair:2   | Noticed a four-headed hydra
 12745 | Lair:2   | Killed a four-headed hydra
 12745 | Lair:2   | Reached skill level 5 in Fighting
 12745 | Lair:2   | Reached skill level 5 in Armour
 12800 | Lair:1   | Slain by a spiny frog

Skill      XL: |  1  2  3  4  5  6  7  8  9 10 11 |
---------------+----------------------------------+-----
Earth Magic    | 4 5 6 7 8 |  8.9
Spellcasting   | 3 4 5 6 7 8 9 |  9.1
Conjurations   | 1 2 3 5 6 7 |  7.0
Fighting       | 1 3 4 5 |  5.1
Maces & Flails | 1 2 3 4 |  4.1
Fire Magic     | 1 2 4 |  4.7
Evocations     | 1 2 3 4 |  4.0
Dodging        | 2 3 |  3.5
Armour         | 3 4 5 |  5.0
Stealth        | |  2.1
Transmutations | |  0.7

Action                   |  1- 3 |  4- 6 |  7- 9 | 10-12 || total
-------------------------+-------+-------+-------+-------++-------
Melee: Unarmed           |    28 |       |       |       ||    28
       Short sword       |    13 |       |       |       ||    13
       Dagger            |       |    13 |     7 |       ||    20
       Falchion          |       |       |    68 |       ||    68
       Flail             |       |       |    12 |   140 ||   152
 Cast: Sandblast         |    56 |   122 |   264 |   161 ||   603
       Stone Arrow       |       |     5 |    38 |    98 ||   141
       Flame Tongue      |       |       |     5 |    29 ||    34
       Lee's Rapid Decon |       |       |     3 |     4 ||     7
       Throw Flame       |       |       |       |    22 ||    22
Evoke: Wand              |       |       |     4 |     8 ||    12
  Use: Scroll            |     2 |       |     6 |    11 ||    19
       Potion            |       |       |       |     1 ||     1
 Stab: Sleeping          |     3 |     5 |     5 |     5 ||    18
       Paralysed         |       |       |    10 |       ||    10
  Eat: Chunk             |     2 |     7 |    15 |    10 ||    34
       Beef jerky        |       |       |       |     4 ||     4
       Meat ration       |       |       |       |     1 ||     1
Armor: Robe              |    17 |    26 |   129 |    24 ||   196
       Leather armour    |       |       |       |   106 ||   106
Dodge: Dodged            |    42 |    36 |   150 |   157 ||   385
       Rpst.: Falchion   |       |       |    19 |       ||    19
